 Dungeon Crawl Stone Soup version 0.22-a0-480-g991dd4b (webtiles) character file.

13 Gorice the Magician (level 2, -1/19 HPs)
             Began as a Demonspawn Wanderer on June 15, 2018.
             Slain by a giant cockroach (2 damage)
             ... on level 1 of the Dungeon.
             The game lasted 00:01:45 (83 turns).

Gorice the Magician (Demonspawn Wanderer)             Turns: 83, Time: 00:01:45

Health: -1/19      AC:  2    Str: 10    XL:     2   Next: 24%
Magic:  0/8        EV: 11    Int: 15    God:
Gold:   0          SH:  0    Dex: 12    Spells: 10/11 levels left

rFire    . . .     SeeInvis .   b - +2 blowgun
rCold    . . .     Gourm    .   (no shield)
rNeg     . . .     Faith    .   e - +0 robe
rPois    .         Spirit   .   (no helmet)
rElec    .         Reflect  .   (no cloak)
rCorr    .         Harm     .   (no gloves)
MR       .....                  (no boots)
Stlth    ++........             (no amulet)
HPRegen  0.06/turn              (no ring)
MPRegen  0.11/turn              (no ring)

@: no status effects
A: nightstalker 1
a: no special abilities


You were on level 1 of the Dungeon.
You were not hungry.

You visited 1 branch of the dungeon, and saw 1 of its levels.

Inventory:

Hand Weapons
 b - a +2 blowgun (weapon)
Armour
 e - a +0 robe (worn)
Comestibles
 f - a ration


   Skills:
 + Level 2.1 Throwing
 + Level 5.1 Spellcasting
 + Level 1.5 Conjurations
   Level 1.0 Transmutations
   Level 1.0 Ice Magic


You had 10 spell levels left.
You knew the following spells:

 Your Spells              Type           Power        Failure   Level  Hunger
a - Flame Tongue          Conj/Fire      #....        12%         1    None

Your spell library contained the following spells:

 Spells                   Type           Power        Failure   Level  Hunger
 Stone Arrow              Conj/Erth      #.....       34%         3    ###....
 Shock                    Conj/Air       #...         12%         1    None
 Ignite Poison            Fire/Tmut/Pois #.......     38%         3    ###....


Dungeon Overview and Level Annotations

Branches:
Dungeon (1/15)

Altars:


Innate Abilities, Weirdness & Mutations

You are slightly more attuned to the shadows.


Message History

Damage: 1 (max 5)
The giant cockroach closely misses you.
Casting: Flame Tongue (safe; 12% risk of failure)
Confirm with . or Enter, or press ? or * to list all spells.
Aiming: Flame Tongue (safe; 12% risk of failure)
Press: ? - help, Shift-Dir - straight line, f - giant cockroach
Aim: a giant cockroach (clinging)
The flame tongue misses the giant cockroach.
The flame tongue hits the rat.
You kill the rat!
The giant cockroach misses you.
The giant cockroach waves its antennae.
The giant cockroach misses you. The giant cockroach bites you.
* * * LOW HITPOINT WARNING * * *
Things that are here:
a curare-tipped needle; a club; a kobold corpse; Damage: 2 (max 5)
You see here a curare-tipped needle.
Casting: Flame Tongue (safe; 12% risk of failure)
Confirm with . or Enter, or press ? or * to list all spells.
Aiming: Flame Tongue (safe; 12% risk of failure)
Press: ? - help, Shift-Dir - straight line, f/p - giant cockroach
Aim: a giant cockroach (clinging)
The flame tongue hits the giant cockroach.
The giant cockroach is moderately wounded.
The giant cockroach misses you. The giant cockroach closely misses you.
The giant cockroach closely misses you.
Firing (i - inventory)
a - a curare-tipped needle (quivered)
Press: ? - help, Shift-Dir - straight line, f/p - giant cockroach
Aim: a giant cockroach (moderately wounded, clinging)
You shoot a curare-tipped needle.
The curare-tipped needle completely misses the giant cockroach.
The giant cockroach bites you.
* * * LOW HITPOINT WARNING * * *
Damage: 1 (max 5)
Casting: Flame Tongue (safe; 12% risk of failure)
Confirm with . or Enter, or press ? or * to list all spells.
Aiming: Flame Tongue (safe; 12% risk of failure)
Press: ? - help, Shift-Dir - straight line, f/p - giant cockroach
Aim: a giant cockroach (clinging)
The flame tongue misses the giant cockroach.
The flame tongue hits the jackal.
You kill the jackal!
The giant cockroach bites you but does no damage.
The giant cockroach bites you.
* * * LOW HITPOINT WARNING * * *
Damage: 1 (max 5)
The giant cockroach bites you.
You die...

.#
####s.......#
.#
##.h.........#
s###
##..##........#
..s##
#..#######.####
....###.## #.#
.....##h####
#.#
..$.....(..##
#.#
......####..#
#.# ......#
##h# #@#
....!.# #(# #s#
......#
#(####h####
....###
#.†.......#
...##
###.......# .#.
##......#
#......#
########


You could see a jackal and a giant cockroach.

Vanquished Creatures
  An ooze (D:1)
  A giant cockroach (D:1)
  3 jackals (D:1)
  A kobold (D:1)
  2 rats (D:1)
8 creatures vanquished.

Notes
Turn   | Place    | Note
-------+----------+-------------------------------------------
     0 | D:1      | Gorice the Demonspawn Wanderer began the quest for the Orb.
     0 | D:1      | Gorice set off with: 3 curare-tipped needles, a +2 blowgun, a +0 robe, a ration
     0 | D:1      | Reached XP level 1. HP: 13/13 MP: 6/6
     2 | D:1      | Learned a level 1 spell: Flame Tongue
     3 | D:1      | Found a runed door.
     7 | D:1      | Noticed a jelly
    26 | D:1      | HP: 3/13 [jackal (2)]
    34 | D:1      | Reached skill level 2 in Throwing
    53 | D:1      | Gained mutation: You are slightly more attuned to the shadows. [demonic ancestry]
    53 | D:1      | Reached XP level 2. HP: 6/19 MP: 0/8
    55 | D:1      | HP: 5/19 [rat (1)]
    67 | D:1      | HP: 2/19 [giant cockroach (2)]
    76 | D:1      | HP: 2/19 [giant cockroach (1)]
    83 | D:1      | Slain by a giant cockroach

Vault maps used:
D:1:      dpeg_arrival_caged_fury, minmay_pentomino_r2

Skill      XL: |  1 |
---------------+----+-----
Throwing       | 2 |  2.1
Spellcasting   | |  5.1
Conjurations   | |  1.5
Transmutations | |  1.0
Ice Magic      | |  1.0

Action                   || total
-------------------------++-------
 Fire: Blowgun           ||     3
 Cast: Flame Tongue      ||    11
Armor: Robe              ||     7
Dodge: Dodged            ||    16

Table legend:
 A = Spawn XP
 B = Non-spawn XP
 C = Spawn XP percentage of total XP
 D = Spawn monster count
 E = Non-spawn monster count
 F = Spawn count percentage of total count
 G = Total turns spent on level
                    A         B        C        D         E        F      G
               +---------+---------+-------+---------+---------+-------+---------
         Total |       0 |      19 |   0.0 |       0 |       8 |   0.0 |    83
               +---------+---------+-------+---------+---------+-------+---------
           D:1 |       0 |      19 |   0.0 |       0 |       8 |   0.0 |    83
               +---------+---------+-------+---------+---------+-------+---------

Table legend:
 A = Turns spent in this place as a percentage of turns spent in the entire game.
 B = Non-inter-level travel turns spent in this place as a percentage of non-inter-level travel turns spent in the entire game.
 C = Inter-level travel turns spent in this place as a percentage of turns spent in this place.
 D = Turns resting spent in this place as a percentage of non-inter-level travel turns spent in this place.
 E = Turns spent auto-exploring this place as a percentage of non-inter-level travel turns spent in this place.
 F = Non-inter-level travel turns spent in this place divided by the number of levels of this place that you've seen.
                   A       B       C       D       E      F
               +-------+-------+-------+-------+-------+----------------------
         Total | 100.0 | 100.0 |   0.0 |   0.0 |   0.0 |  83.0
       Dungeon | 100.0 | 100.0 |   0.0 |   0.0 |   0.0 |  83.0
               +-------+-------+-------+-------+-------+----------------------

Vault maps used:
D:1:      dpeg_arrival_caged_fury, minmay_pentomino_r2
